 Dungeon Crawl Stone Soup version 0.26.1-11-gd32895ea62 (webtiles) character file.

Game seed: 8930298855469343072

36 vvl the Skirmisher (level 3, -6/34 HPs)
             Began as a Naga Fighter on June 17, 2021.
             Mangled by a gnoll
             ... wielding a +0 halberd
              (9 damage)
             ... on level 2 of the Dungeon.
             The game lasted 00:03:08 (1042 turns).

vvl the Skirmisher (Naga Fighter)                   Turns: 1042, Time: 00:03:08

Health: -6/34      AC:  4    Str: 19    XL:     3   Next: 37%
Magic:  3/3        EV:  5    Int:  8    God:
Gold:   26         SH:  8    Dex: 10    Spells: 2/2 levels left

rFire    . . .     SeeInvis +   a - +0 long sword
rCold    . . .     Faith    .   c - +0 kite shield
rNeg     + . .     Spirit   .   b - +0 scale mail
rPois    +         Reflect  .   (no helmet)
rElec    .         Harm     .   (no cloak)
rCorr    .         Rampage  .   (no gloves)
Will     .....                  (no barding)
Stlth    ..........             k - amulet of regeneration
HPRegen  0.51/turn              i - ring of positive energy
MPRegen  0.08/turn              (no ring)

@: short of breath, very slow
A: large, see invisible, deformed body, poison resistance, slowness 2, spit
poison 1, AC +1
a: Spit Poison


You were on level 2 of the Dungeon.
You visited 1 branch of the dungeon, and saw 2 of its levels.

You collected 26 gold pieces.

Inventory:

Hand Weapons
 a - a +0 long sword (weapon)
Armour
 b - a +0 scale mail (worn)
 c - a +0 kite shield (worn)
Jewellery
 g - an uncursed amulet of magic regeneration
 i - a ring of positive energy (left hand)
 k - an amulet of regeneration (around neck)
Scrolls
 f - a scroll of blinking {unknown}
 j - a scroll of identify {unknown}
Potions
 d - a potion of might
 e - a potion of heal wounds {unknown}
 h - a potion of curing {unknown}


   Skills:
 + Level 3.1 Fighting
 * Level 2.7 Long Blades
 + Level 2.6 Armour
 + Level 0.5 Dodging
 + Level 2.5 Shields
 + Level 0.7 Invocations


You had 2 spell levels left.
You didn't know any spells.
Your spell library was empty.

Dungeon Overview and Level Annotations

Branches:
Dungeon (2/15)

Altars:
Fedhas
Kikubaaqudgha
Sif Muna
Vehumet
Xom
Yredelemnul


Innate Abilities, Weirdness & Mutations

You cannot wear boots.
Your serpentine skin is tough. (AC +1)
You have supernaturally acute eyesight. (SInv)
Armour fits poorly on your strangely shaped body.
Your system is resistant to poisons. (rPois)
You cover ground very slowly.
You can spit poison.


Message History

You closely miss the gnoll. You block the gnoll's attack.
The gnoll hits you but does no damage. You block the gnoll's attack.
The gnoll hits you with a +0 spear.
The gnoll hits you from afar with a +0 spear.
Press: ? - help, Shift-Dir - straight line, f - gnoll
Aim: a gnoll, wielding a +0 halberd The splash of poison hits the gnoll!
The gnoll is heavily wounded.
The gnoll hits you from afar with a +0 halberd!
The gnoll hits you from afar with a +0 halberd!
* * * LOW HITPOINT WARNING * * *
You have got your breath back.
The gnoll hits you from afar with a +0 halberd.
* * * LOW HITPOINT WARNING * * *
Press: ? - help, Shift-Dir - straight line, f/p - gnoll
Aim: a gnoll, wielding a +0 halberd (heavily wounded)
The splash of poison hits the gnoll.
The gnoll is poisoned.
The gnoll is severely wounded.
The gnoll hits you from afar with a +0 halberd!
You die...

#)
#...##################
................>....#
#...###@########..##.#
# #.# #..##.# #g#
#..##.# #####g#
#..##.# #g...g#
#..##.# #g###.#
#...).# #.#####
#...#.### #g†...#
#....)((. #.....#
#...#.###


You could see 3 gnolls.

Vanquished Creatures
  An adder (D:2)
  An ooze (D:1)
  A dart slug (D:1)
  A leopard gecko (D:1)
  2 giant cockroaches (D:1)
  5 hobgoblins
  A kobold (D:1)
  3 frilled lizards (D:1)
  2 goblins
  3 rats (D:1)
20 creatures vanquished.

Notes
Turn   | Place    | Note
-------+----------+-------------------------------------------
     0 | D:1      | vvl the Naga Fighter began the quest for the Orb.
     0 | D:1      | Reached XP level 1. HP: 21/21 MP: 1/1
   296 | D:1      | Reached XP level 2. HP: 28/28 MP: 2/2
   843 | D:1      | Reached XP level 3. HP: 32/34 MP: 3/3
   905 | D:1      | Found a radiant altar of Vehumet.
   907 | D:1      | Found a shimmering altar of Xom.
   907 | D:1      | Found a shimmering blue altar of Sif Muna.
   912 | D:1      | Found an ancient bone altar of Kikubaaqudgha.
   912 | D:1      | Found a radiant altar of Vehumet.
   912 | D:1      | Found a blossoming altar of Fedhas.
  1012 | D:2      | Found a basalt altar of Yredelemnul.
  1042 | D:2      | Mangled by a gnoll

Illustrated notes

Levels and vault maps discovered:
D:1:      amcnicky_arrival_underground_garden, layout_loops_corners,
          doesnt_xom_only_xom
D:2:      layout_basic, nicolae_overflow_crystal_walls,
          chequers_serial_rivers_micro_d

Action                   || total
-------------------------++-------
Melee: Long sword        ||    71
 Abil: Spit Poison       ||     2
Armor: Scale mail        ||    14
Dodge: Dodged            ||    10
Block: Kite shield       ||    47
       Rpst.: Long sword ||     4
